 Dungeon Crawl Stone Soup version 0.20.0-15-g7f486f2 (webtiles) character file.

363 manyhoops the Slasher (level 6, -1/48 HPs)
             Began as a Draconian Gladiator on June 13, 2017.
             Succumbed to an orc wizard's poison
             ... on level 4 of the Dungeon.
             The game lasted 00:06:05 (3469 turns).

manyhoops the Slasher (Draconian Gladiator)         Turns: 3469, Time: 00:06:06

Health: -1/48      AC:  6    Str: 16    XL:     6   Next: 39%
Magic:  6/6        EV: 13    Int:  8    God:
Gold:   175        SH:  0    Dex: 15    Spells: 5/5 levels left

rFire    . . .     SeeInvis .   o - +1 short sword (drain)
rCold    . . .     Gourm    .   (no shield)
rNeg     . . .     Faith    .   (armour unavailable)
rPois    .         Spirit   .   b - +0 hat
rElec    .         Reflect  .   (no cloak)
rCorr    .         Harm     .   (no gloves)
MR       .....                  (no boots)
Stlth    +.........             (no amulet)
Regen    0.2/turn               t - ring of wizardry
MPRegen  0.1/turn               (no ring)

@: lethally poisoned (-1 -> -20), very slightly contaminated
A: unfitting armour, cold-blooded, AC +6
a: no special abilities


You were on level 4 of the Dungeon.
You were not hungry.

You visited 1 branch of the dungeon, and saw 4 of its levels.

You collected 175 gold pieces.

Inventory:

Hand Weapons
 a - a +1 long sword
 o - a +1 short sword of draining (weapon)
Missiles
 c - 3 throwing nets (quivered)
 f - 5 javelins of returning
Armour
 b - a +0 hat (worn)
Jewellery
 t - a ring of wizardry (left hand)
Scrolls
 h - 2 scrolls of enchant weapon
 k - a scroll of magic mapping {unknown}
 l - a scroll of fog
 n - a scroll of teleportation
Comestibles
 d - 4 bread rations
 g - 3 royal jellies


   Skills:
 - Level 2.1 Fighting
 + Level 7.3 Long Blades
 - Level 1.7 Throwing
 - Level 2.6 Dodging


You had 5 spell levels left.
You didn't know any spells.

Dungeon Overview and Level Annotations

Branches:
Dungeon (4/15)
 Temple: D:4-7

Altars:
Nemelex Xobeh


Innate Abilities, Weirdness & Mutations

Your plain brown scales are hard. (AC +6)
You cannot fit into any form of body armour.
You are cold-blooded and may be slowed by cold attacks.


Message History

As you read the scroll labeled ZAT YR QIBB, it crumbles to dust.
You feel blessed for a moment.
It was a scroll of remove curse.
* * * LOW HITPOINT WARNING * * *
You feel very sick.
An orc wizard appears from thin air!
Reactivating autopickup.
Blink to where?
Press: ? - help, Dir - move target cursor
As you read the scroll of blinking, it crumbles to dust.
* * * LOW HITPOINT WARNING * * *
You feel sick.
* * * LOW HITPOINT WARNING * * *
You feel very sick.
* * * LOW HITPOINT WARNING * * *
You feel sick.
* * * LOW HITPOINT WARNING * * *
You feel sick.
* * * LOW HITPOINT WARNING * * *
You feel sick.
You die...

#.#<# #.# #.#.#
#.# #.#o# #.#
#.#.# #.# #.#.#
#.# ..#.# #.#
#.# #.# #.# #.#
#ยง###########@#
#.............#
###############


There were no monsters in sight!

Vanquished Creatures
  An ogre (D:4)
  A scorpion (D:4)
  The ghost of CODWOMAN the Chiller, a weakling DsIE (D:3)
  A hound (D:4)
  A worker ant (D:3)
  A howler monkey skeleton (D:4)
  An adder (D:2)
  An ooze (D:3)
  4 dart slugs
  4 leopard geckos
  9 orcs
  10 bats
  3 giant cockroaches
  7 goblins
  14 hobgoblins
  4 jackals (D:3)
  14 kobolds
  A quokka (D:2)
  3 frilled lizards
  7 rats
88 creatures vanquished.

Notes
Turn   | Place    | Note
-------+----------+-------------------------------------------
     0 | D:1      | manyhoops the Draconian Gladiator began the quest for the Orb.
     0 | D:1      | Reached XP level 1. HP: 17/17 MP: 1/1
   325 | D:1      | Reached XP level 2. HP: 20/24 MP: 2/2
   450 | D:1      | Reached skill level 4 in Long Blades
   690 | D:1      | Reached XP level 3. HP: 29/29 MP: 3/3
  1300 | D:2      | Found a sparkling altar of Nemelex Xobeh.
  1534 | D:2      | Reached XP level 4. HP: 35/36 MP: 4/4
  1665 | D:3      | Noticed CODWOMAN's ghost (weakling DsIE)
  1699 | D:3      | Killed CODWOMAN's ghost
  1699 | D:3      | Reached skill level 5 in Long Blades
  2379 | D:3      | Reached XP level 5. HP: 41/41 MP: 5/5
  2919 | D:3      | Reached skill level 6 in Long Blades
  3241 | D:4      | Noticed an ogre
  3263 | D:4      | Killed an ogre
  3267 | D:4      | Reached XP level 6. HP: 48/48 MP: 6/6
  3376 | D:4      | Reached skill level 7 in Long Blades
  3468 | D:4      | HP: 1/48 [poisoned by an orc wizard]
  3469 | D:4      | Succumbed to an orc wizard's poison

Skill      XL: |  1  2  3  4  5  6 |
---------------+-------------------+-----
Long Blades    | 4 5 6 7 |  7.3
Fighting       | |  2.1
Throwing       | |  1.7
Dodging        | |  2.6

Action                   |  1- 3 |  4- 6 || total
-------------------------+-------+-------++-------
Melee: Long sword        |    92 |    27 ||   119
       Tailslap          |    11 |    17 ||    28
       Short sword       |       |   122 ||   122
  Use: Scroll            |     4 |     5 ||     9
       Potion            |       |     7 ||     7
 Stab: Sleeping          |     3 |     1 ||     4
       Distracted        |       |     1 ||     1
  Eat: Chunk             |     2 |     6 ||     8
Armor: Skin              |    30 |    52 ||    82
Dodge: Dodged            |    81 |    86 ||   167
       Rpst.: Long sword |    29 |     7 ||    36
